 Dungeon Crawl Stone Soup version 0.21-a0-521-g1cd18d1 (webtiles) character file.

8453 Laiders the Carver (level 11, -2/99 HPs)
             Began as a Minotaur Fighter on Dec 5, 2017.
             Was an Elder of Yredelemnul.
             Slain by Snorg (15 damage)
             ... on level 10 of the Dungeon.
             The game lasted 00:40:37 (10301 turns).

Laiders the Carver (Minotaur Fighter)              Turns: 10301, Time: 00:40:38

Health: -2/99      AC: 17    Str: 24    XL:     11   Next: 10%
Magic:  0/12       EV: 11    Int:  5    God:    Yredelemnul [****..]
Gold:   575        SH:  0    Dex: 10    Spells: 10/10 levels left

rFire    + . .     SeeInvis .   d - +2 scimitar
rCold    + . .     Gourm    .   (no shield)
rNeg     . . .     Faith    .   J - +1 chain mail {rF+}
rPois    +         Spirit   +   (helmet restricted)
rElec    .         Reflect  .   N - +2 cloak
rCorr    .         Harm     .   R - +1 pair of gloves
MR       .....                  (no boots)
Stlth    ..........             l - amulet of guardian spirit
HPRegen  0.26/turn              s - ring of protection from cold
MPRegen  0.13/turn              c - ring of poison resistance

@: no status effects
A: retaliatory headbutt, horns 2, slimy green scales 1, low mp 1
a: Recall Undead Slaves, Injury Mirror, Animate Dead, Drain Life, Renounce
Religion


You were on level 10 of the Dungeon.
You worshipped Yredelemnul.
Yredelemnul was greatly pleased with you.
You were hungry.

You visited 1 branch of the dungeon, and saw 10 of its levels.
You also visited: Ossuary.

You collected 575 gold pieces.

Inventory:

Hand Weapons
 d - a +2 scimitar (weapon)
Missiles
 e - 4 tomahawks
 n - 3 poisoned tomahawks
 C - a throwing net (quivered)
Armour
 J - a +1 chain mail of fire resistance (worn)
 N - a +2 cloak (worn)
 R - a +1 pair of gloves (worn)
Jewellery
 c - a ring of poison resistance (right hand)
 l - an amulet of guardian spirit (around neck)
 s - a ring of protection from cold (left hand)
Wands
 a - a wand of polymorph (11)
 g - a wand of paralysis (14)
 u - a wand of random effects (95)
 x - a wand of iceblast (23)
 B - a wand of flame (61)
 L - a wand of enslavement (30)
 P - a wand of clouds (7)
Scrolls
 j - a scroll of fear {unknown}
 r - a scroll of random uselessness {unknown}
 w - a scroll of blinking {unknown}
 y - 5 scrolls of remove curse
 A - 5 scrolls of teleportation
 D - a scroll of summoning {unknown}
 E - a scroll of amnesia {unknown}
 G - a scroll of fog
 I - a scroll of enchant weapon
 O - 2 scrolls of immolation {unknown}
 S - a scroll of magic mapping {unknown}
Potions
 b - 2 potions of flight
 i - a potion of brilliance
 o - 4 potions of lignification
 p - a potion of degeneration {unknown}
 t - 2 potions of cancellation
 v - 2 potions of mutation
 z - 4 potions of curing
 K - 2 potions of berserk rage
 Q - a potion of resistance {unknown}
Comestibles
 f - 4 bread rations
 h - 7 royal jellies
 k - 4 meat rations
 q - a chunk of flesh
 F - 4 fruits


   Skills:
 + Level 9.7 Fighting
 - Level 14.1 Long Blades
 - Level 3.6 Armour
 + Level 8.1 Dodging
   Level 3.6 Shields
 - Level 6.0 Invocations


You had 10 spell levels left.
You didn't know any spells.

Dungeon Overview and Level Annotations

Branches:
Dungeon (10/15)            Temple (0/1) D:6            Lair (0/6) D:10
    Orc: D:9-12

Altars:
Cheibriados
Hepliaklqana
Makhleb
Nemelex Xobeh
Qazlal
Ru
Trog
Vehumet
Wu Jian
Yredelemnul
Zin
The Shining One

Annotations:
D:10 Snorg


Innate Abilities, Weirdness & Mutations

You reflexively headbutt those who attack you in melee.
You have a pair of horns on your head.
You are partially covered in slimy green scales. (AC +2)
Your magical capacity is low. (-10% MP)


Message History

Urug is destroyed!
Press: ? - help, Shift-Dir - straight line, f/p - Snorg
Aim: Snorg (lightly wounded, berserk, fast, unusually strong)
You fail to use your ability.
Press: ? - help, Shift-Dir - straight line, f/p - Snorg
Aim: Snorg (lightly wounded, berserk, fast, unusually strong) Snorg's soul is now ripe for the taking.
You are feeling hungry.
You can no longer enslave living souls.
Snorg bites you!
* * * LOW HITPOINT WARNING * * *
Snorg claws you but does no damage. Snorg claws you!
* * * LOW HITPOINT WARNING * * *
You feel much better. Snorg bites you.
* * * LOW HITPOINT WARNING * * *
Snorg claws you.
* * * LOW HITPOINT WARNING * * *
Snorg claws you!
You die...
Your body rises from the dead as a mindless zombie.

# #......#### ## #......# .#
######## '## ### ..# ..> ..# ...
..# ########oo. ..#
##########o...[.'o..
..############..@T...Wo.######Z..
..'............########## ...
..############## ... ..# ... ###
###


You could see Snorg (berserk), a hungry ghost, an orc warrior and an orc wizard.

Vanquished Creatures
  A kobold demonologist (D:4)
  The ghost of anet the Magician, a novice DEWz (D:5)
  2 trolls
  Prince Ribbit (D:5)
  A hippogriff (D:7)
  A flying skull (D:8)
  A yak (D:9)
  A wraith (D:10)
  2 hungry ghosts
  Edmund (D:5)
  A water moccasin (D:10)
  4 orc warriors
  2 ice beasts (D:10)
  4 ogres
  A sky beast (D:6)
  2 necrophages
  A bullfrog (D:8)
  A big kobold (D:10)
  An elf zombie (Ossuary)
  A gnoll sergeant (D:10)
  A killer bee (D:10)
  2 scorpions
  2 howler monkeys
  3 crimson imps
  A jelly (D:5)
  3 human zombies (Ossuary)
  A centaur skeleton (D:6)
  3 hounds
  5 orc priests
  12 orc wizards
  2 iguanas
  7 worker ants
  2 killer bee zombies
  2 big kobold zombies (Ossuary)
  2 mummies (Ossuary)
  A hound skeleton (D:4)
  10 gnolls
  9 adders
  6 shadow imps
  3 oozes
  An adder zombie (D:7)
  5 worms
  5 dart slugs
  5 leopard geckos
  36 orcs
  8 bats
  6 giant cockroaches
  8 goblins
  12 hobgoblins
  13 jackals
  11 kobolds
  6 quokkas
  3 ball pythons
  3 frilled lizards
  3 goblin zombies (Ossuary)
  10 hobgoblin zombies (Ossuary)
  A jackal zombie (Ossuary)
  11 kobold zombies (Ossuary)
  2 leopard gecko skeletons
  4 orc zombies (Ossuary)
  A quokka skeleton (D:6)
  A quokka zombie (D:7)
  8 rats
  A spectral orc (D:3)
271 creatures vanquished.

Vanquished Creatures (collateral kills)
  A hydra (D:8)
  Josephine (D:10)
  A two-headed ogre (D:8)
  Urug (D:10)
  A cyclops (D:6)
  Maurice (D:8)
  A hippogriff (D:7)
  3 yaks (D:9)
  2 wraiths (D:10)
  A hungry ghost (D:10)
  An ice beast (D:6)
  A centaur (D:7)
  2 ogres
  A wyvern skeleton (D:7)
  2 scorpions
  5 killer bees
  A howler monkey (D:10)
  A crimson imp (D:9)
  A centaur skeleton (D:9)
  A hound (D:10)
  An orc wizard (D:9)
  A hound zombie (D:9)
  2 hound skeletons (D:8)
  A gnoll (D:8)
  2 adders
  A shadow imp (D:7)
  6 orcs
43 creatures vanquished.

Vanquished Creatures (others)
  4 flying skulls (D:10)
  An orc (D:10)
  A jackal skeleton (D:7)
  3 orc zombies
9 creatures vanquished.

Grand Total: 323 creatures vanquished

Notes
Turn   | Place    | Note
-------+----------+-------------------------------------------
     0 | D:1      | Laiders the Minotaur Fighter began the quest for the Orb.
     0 | D:1      | Reached XP level 1. HP: 19/19 MP: 0/0
   131 | D:1      | Reached skill level 3 in Long Blades
   160 | D:1      | Reached XP level 2. HP: 22/26 MP: 1/1
   406 | D:1      | Reached skill level 4 in Long Blades
   663 | D:1      | Reached XP level 3. HP: 31/31 MP: 2/2
   912 | D:2      | Reached skill level 5 in Long Blades
  1047 | D:2      | Reached XP level 4. HP: 39/39 MP: 3/3
  1248 | D:2      | Reached skill level 6 in Long Blades
  1542 | D:2      | Reached XP level 5. HP: 16/45 MP: 4/4
  2183 | D:2      | Reached skill level 7 in Long Blades
  2544 | D:3      | Found a basalt altar of Yredelemnul.
  2556 | D:3      | Became a worshipper of Yredelemnul the Dark
  2641 | D:3      | Reached XP level 6. HP: 32/51 MP: 5/5
  2811 | D:3      | Reached * piety under Yredelemnul
  2895 | D:3      | Found a burning altar of Makhleb.
  3084 | D:3      | Found a sacrificial altar of Ru.
  3092 | D:3      | Reached skill level 8 in Long Blades
  3358 | D:4      | Found a transporter.
  3395 | D:4      | Found a transporter.
  3405 | D:4      | Noticed a kobold demonologist
  3564 | D:4      | Reached skill level 9 in Long Blades
  3607 | D:4      | Reached XP level 7. HP: 15/57 MP: 4/6
  3744 | D:4      | Reached ** piety under Yredelemnul
  3751 | D:4      | Found a sand-covered staircase.
  3759 | Ossuary  | Entered an ossuary
  3984 | Ossuary  | Reached skill level 10 in Long Blades
  4595 | D:4      | Reached *** piety under Yredelemnul
  4595 | D:4      | Reached skill level 11 in Long Blades
  4598 | D:4      | Noticed a hellwing
  4626 | D:4      | Killed a kobold demonologist
  4626 | D:4      | Reached XP level 8. HP: 21/64 MP: 2/7
  4883 | D:5      | Entered Level 5 of the Dungeon
  4945 | D:5      | Reached skill level 12 in Long Blades
  5134 | D:5      | Noticed Prince Ribbit
  5172 | D:5      | Noticed Edmund
  5187 | D:5      | Killed Edmund
  5213 | D:5      | Noticed anet's ghost (novice DEWz)
  5220 | D:5      | Killed anet's ghost
  5220 | D:5      | Reached skill level 13 in Long Blades
  5229 | D:5      | Killed Prince Ribbit
  5229 | D:5      | Reached XP level 9. HP: 50/70 MP: 8/8
  5248 | D:5      | Found a glowing silver altar of Zin.
  5321 | D:5      | Found a bloodstained altar of Trog.
  5334 | D:5      | Found a radiant altar of Vehumet.
  5722 | D:6      | Found a sparkling altar of Nemelex Xobeh.
  5835 | D:6      | Reached skill level 14 in Long Blades
  5961 | D:6      | Found a staircase to the Ecumenical Temple.
  6027 | D:6      | Noticed a cyclops
  6046 | D:6      | Killed a cyclops
  6351 | D:6      | Reached skill level 5 in Fighting
  6468 | D:6      | Found a stormy altar of Qazlal.
  6938 | D:6      | Reached **** piety under Yredelemnul
  7036 | D:7      | Received a gift from Yredelemnul (2 flying skulls)
  7041 | D:7      | Identified the Almanac of the Shifting Volcanoes
  7217 | D:7      | Received a gift from Yredelemnul (3 flying skulls)
  7977 | D:7      | Gained mutation: Your magical capacity is low. (-10% MP) [potion of mutation]
  7977 | D:7      | Gained mutation: You are partially covered in slimy green scales. (AC +2) [potion of mutation]
  8011 | D:8      | Noticed a two-headed ogre
  8017 | D:8      | Reached XP level 10. HP: 84/84 MP: 10/10
  8018 | D:8      | Killed a two-headed ogre
  8114 | D:8      | Noticed Maurice
  8119 | D:8      | Noticed a five-headed hydra
  8124 | D:8      | Killed a five-headed hydra
  8124 | D:8      | Reached skill level 5 in Dodging
  8149 | D:8      | Killed Maurice
  8275 | D:8      | Reached skill level 5 in Invocations
  8766 | D:9      | Found a snail-covered altar of Cheibriados.
  8800 | D:9      | Found a glowing golden altar of the Shining One.
  8886 | D:9      | Found an ornate altar of the Wu Jian Council.
  8887 | D:9      | Found a hazy altar of Hepliaklqana.
  9443 | D:10     | Entered Level 10 of the Dungeon
  9551 | D:10     | Found a staircase to the Lair.
  9597 | D:10     | Noticed Josephine
  9612 | D:10     | Killed Josephine
  9612 | D:10     | Reached ***** piety under Yredelemnul
  9909 | D:10     | Reached XP level 11. HP: 51/97 MP: 6/12
 10201 | D:10     | Noticed Urug
 10214 | D:10     | Killed Urug
 10281 | D:10     | Noticed Snorg
 10292 | D:10     | Your ally Urug died
 10301 | D:10     | Slain by Snorg

Vault maps used:
D:1:      dpeg_arrival_shrine
D:3:      nicolae_ru_sacrificial_ziggurat, lightli_temple_of_fire,
          yredelemnul_forgotten_temple_becter
D:4:      gammafunk_wand_slinger, chequers_ossuary_entry_cave, first_bread
D:5:      lemuel_crystal_altar, grunt_temple_overflow_open, uniq_edmund,
          uniq_prince_ribbit1
D:6:      nicolae_overflow_crystal_walls, nicolae_qazlal_style_of_elements,
          minmay_temple_entry_trees, hangedman_minor_gate_pass
D:8:      lemuel_ice_spiral_2, uniq_maurice
D:9:      gammafunk_temple_overflow_statue, tso_metal_star, kennysheep_mini_moat
D:10:     lair_entry_dummy, uniq_josephine, uniq_urug, uniq_snorg
Ossuary:  ossuary_tomb_1

Skill      XL: |  1  2  3  4  5  6  7  8  9 10 11 |
---------------+----------------------------------+-----
Long Blades    | 3 4 5 6 7 9 11 13 14 | 14.1
Fighting       | 6 9 |  9.7
Dodging        | 4 7 8 |  8.1
Invocations    | 4 6 |  6.0
Armour         | |  3.6
Shields        | |  3.6

Action                   |  1- 3 |  4- 6 |  7- 9 | 10-12 || total
-------------------------+-------+-------+-------+-------++-------
Melee: Long sword        |    72 |   186 |   209 |       ||   467
       Headbutt          |    15 |    33 |    80 |    22 ||   150
       Scimitar          |       |       |   179 |   133 ||   312
Throw: Throwing net      |       |     1 |       |       ||     1
Invok: Animate Dead      |       |       |     6 |     2 ||     8
       Enslave Soul      |       |       |       |     1 ||     1
Evoke: Wand              |       |       |    14 |       ||    14
  Use: Scroll            |       |     2 |     9 |     3 ||    14
       Potion            |       |     1 |     5 |     1 ||     7
  Eat: Chunk             |       |     9 |     8 |    10 ||    27
       Bread ration      |       |       |     2 |       ||     2
       Royal jelly       |       |       |     1 |       ||     1
Armor: Scale mail        |    32 |    91 |       |       ||   123
       Chain mail        |       |     6 |   155 |    76 ||   237
Dodge: Dodged            |    24 |   116 |   131 |    84 ||   355
Block: Shield            |    37 |       |       |       ||    37
       Rpst.: Long sword |     5 |    28 |    23 |       ||    56
       Scimitar          |       |       |    15 |    16 ||    31

Table legend:
 A = Spawn XP
 B = Non-spawn XP
 C = Spawn XP percentage of total XP
 D = Spawn monster count
 E = Non-spawn monster count
 F = Spawn count percentage of total count
 G = Total turns spent on level
                    A         B        C        D         E        F      G
               +---------+---------+-------+---------+---------+-------+---------
         Total |       0 |   12076 |   0.0 |       0 |     313 |   0.0 | 10301
               +---------+---------+-------+---------+---------+-------+---------
           D:1 |       0 |      61 |   0.0 |       0 |      24 |   0.0 |   845
           D:2 |       0 |     233 |   0.0 |       0 |      40 |   0.0 |  1250
           D:3 |       0 |     174 |   0.0 |       0 |      40 |   0.0 |  1263
           D:4 |       0 |     962 |   0.0 |       0 |      22 |   0.0 |   980
           D:5 |       0 |    1210 |   0.0 |       0 |      21 |   0.0 |   776
           D:6 |       0 |    1574 |   0.0 |       0 |      29 |   0.0 |  1375
           D:7 |       0 |     910 |   0.0 |       0 |      27 |   0.0 |   957
           D:8 |       0 |    1640 |   0.0 |       0 |      13 |   0.0 |   529
           D:9 |       0 |    1414 |   0.0 |       0 |      23 |   0.0 |   923
          D:10 |       0 |    3567 |   0.0 |       0 |      37 |   0.0 |   858
       Ossuary |       0 |     331 |   0.0 |       0 |      37 |   0.0 |   545
               +---------+---------+-------+---------+---------+-------+---------
